 Dungeon Crawl Stone Soup version 0.26-b1-32-g5d43845318 (webtiles) character file.

Game seed: 1581260519018665103

212 Gauvater the Chopper (level 5, 0/49 HPs)
             Began as a Palentonga Abyssal Knight on Jan 5, 2021.
             Was a Believer of Lugonu.
             Slain by a worker ant (5 damage)
             ... on level 4 of the Dungeon.
             The game lasted 00:16:43 (3549 turns).

Gauvater the Chopper (Palentonga Abyssal Knight)    Turns: 3549, Time: 00:16:43

Health: 0/49       AC:  4    Str: 17    XL:     5   Next: 58%
Magic:  7/7        EV:  9    Int: 12    God:    Lugonu [**....]
Gold:   163        SH:  0    Dex:  9    Spells: 4/4 levels left

rFire    . . .     SeeInvis +   a - +1 hand axe
rCold    . . .     Faith    .   (no shield)
rNeg     . . .     Spirit   .   b - +0 leather armour
rPois    .         Reflect  .   (no helmet)
rElec    .         Harm     .   (no cloak)
rCorr    .         Rampage  .   (no gloves)
Will     .....                  (no barding)
Stlth    +.........             (no amulet)
HPRegen  0.16/turn              (no ring)
MPRegen  0.10/turn              (no ring)

@: lethally poisoned (0 -> -3)
A: large, rugged brown scales 3, see invisible, deformed body, roll 1, armoured
tail
a: Rolling Charge, Renounce Religion, Depart the Abyss, Bend Space


You were on level 4 of the Dungeon.
You worshipped Lugonu.
Lugonu was pleased with you.
You visited 1 branch of the dungeon, and saw 4 of its levels.
You visited the Abyss 1 time.

You collected 163 gold pieces.

Inventory:

Hand Weapons
 a - a +1 hand axe (weapon)
 l - a +1 whip of electrocution
Missiles
 o - 6 javelins
Armour
 b - a +0 leather armour (worn)
 r - a +0 chain mail
 s - a +0 ring mail
 t - a +0 scale mail
Jewellery
 p - a cursed amulet of inaccuracy {unknown}
Scrolls
 c - 2 scrolls of teleportation {unknown}
 d - a scroll of noise {unknown}
 e - a scroll of blinking {unknown}
 f - 2 scrolls of identify {unknown}
 g - 2 scrolls of enchant armour {unknown}
 i - 5 scrolls of remove curse {unknown}
 k - a scroll of magic mapping {unknown}
 m - 2 scrolls of fog {unknown}
Potions
 n - a potion of haste {unknown}
 q - a potion of mutation {unknown}


   Skills:
 * Level 4.1 Fighting
 * Level 4.2 Axes
 + Level 2.2 Armour
 + Level 1.2 Dodging
 * Level 2.8 Invocations


You had 4 spell levels left.
You didn't know any spells.
Your spell library was empty.

Dungeon Overview and Level Annotations

Branches:
Dungeon (4/15)
 Temple: D:4-7

Altars:
Dithmenos


Innate Abilities, Weirdness & Mutations

You are completely covered in rugged brown scales. (AC +3, +7% HP)
You have supernaturally acute eyesight. (SInv)
Armour fits poorly on your strangely shaped body.
You can roll at nearby foes to attack.
You have a long armoured tail.


Message History

You hit the worker ant.
Your tail-slap misses the worker ant.
The worker ant is heavily wounded.
The worker ant bites you but does no damage.
You hit the worker ant but do no damage.
Your tail-slap misses the worker ant.
The worker ant is heavily wounded.
You feel sick. The worker ant bites you.
* * * LOW HITPOINT WARNING * * *
The worker ant bites you.
* * * LOW HITPOINT WARNING * * *
Okay, then.
You feel sick.
It was a potion of flight.
You feel very buoyant.
You fly up into the air.
You feel sick. The worker ant misses you.
It was a potion of cancellation.
Your magical effects are unravelling.
You feel magically purged.
You float gracefully downwards.
The worker ant bites you.
You die...

#.....# #.....#
.....# ....
####.####
#..<....#
#.##....#
#.##..B.####
#......@...#
........†.......
#.........<..####
..#.......#### #
##.#....#
#.#....# . #.####
# ..


You could see a worker ant.

Vanquished Creatures
  An orc priest (D:3)
  A worker ant (D:4)
  Robin (D:3)
  3 adders
  An ooze (D:1)
  4 worms
  3 dart slugs
  7 orcs (D:3)
  3 giant cockroaches
  21 goblins
  7 hobgoblins
  10 jackals
  2 ball pythons (D:1)
  8 bats
  5 frilled lizards
  9 kobolds
  7 rats
93 creatures vanquished.

Vanquished Creatures (others)
  A plant (D:4)
1 creature vanquished.

Grand Total: 94 creatures vanquished

Notes
Turn   | Place    | Note
-------+----------+-------------------------------------------
     0 | Abyss:1  | Gauvater the Palentonga Abyssal Knight began the quest for
                  | the Orb.
     0 | Abyss:1  | Reached XP level 1. HP: 20/20 MP: 2/2
    99 | Abyss:1  | Noticed a small abomination
   102 | D:1      | Escaped the Abyss
   353 | D:1      | Reached * piety under Lugonu
   359 | D:1      | Reached XP level 2. HP: 27/27 MP: 3/3
   848 | D:1      | Reached XP level 3. HP: 33/33 MP: 4/4
  1397 | D:2      | Reached ** piety under Lugonu
  1665 | D:2      | Reached XP level 4. HP: 19/42 MP: 5/5
  2236 | D:3      | Reached skill level 1 in Dodging
  2329 | D:3      | Found a shadowy altar of Dithmenos.
  2423 | D:3      | HP: 2/42 [poisoned by an adder]
  2610 | D:3      | Noticed Robin
  2637 | D:3      | Killed Robin
  2657 | D:3      | Reached XP level 5. HP: 9/49 MP: 6/6
  3549 | D:4      | Slain by a worker ant

Illustrated notes

Levels and vault maps discovered:
D:1:      sevenhm_arrival_forest_fort_small_6, layout_loops_ring
D:2:      layout_basic, kennysheep_generic_room_6
D:3:      layout_basic, nicolae_dithmenos_shadow_blocks, uniq_robin
D:4:      layout_loops_cross, serial_bayou, serial_bayou_crossing,
          serial_bayou_pond_d, serial_bayou_shore_b, serial_bayou_pond_c,
          uniq_edmund, uniq_blork_the_orc, uniq_natasha, uniq_sigmund

Skill      XL: |  1  2  3  4  5 |
---------------+----------------+-----
Axes           | 3 4 |  4.2
Armour         | 2 |  2.2
Dodging        | 1 |  1.2
Fighting       | 4 |  4.1
Invocations    | |  2.8

Action                   |  1- 3 |  4- 6 || total
-------------------------+-------+-------++-------
Melee: Hand axe          |   135 |   157 ||   292
       Tailslap          |     5 |    17 ||    22
Invok: Depart the Abyss  |     1 |       ||     1
       Bend Space        |       |     1 ||     1
 Abil: Rolling Charge    |    22 |    12 ||    34
  Use: Potion            |     1 |     6 ||     7
       Scroll            |     1 |       ||     1
Armor: Leather armour    |    36 |    57 ||    93
Dodge: Dodged            |    59 |    79 ||   138
